 Dungeon Crawl Stone Soup version 0.30-b1-2-g02819fbbbe (webtiles) character file.

Game seed: 11823874864612870677

621 Arum the Trooper (level 7, -10/79 (85) HPs)
             Began as a Formicid Fighter on May 5, 2023.
             Mangled by an ice beast (12 damage)
             ... on level 5 of the Dungeon.
             The game lasted 00:06:02 (3365 turns).

Arum the Trooper (Formicid Fighter)                 Turns: 3365, Time: 00:06:03

HP:   -10/79 (85)   AC: 23    Str: 23    XL:     7   Next: 75%
MP:   7/7           EV:  2    Int:  7    God:
Gold: 189           SH:  5    Dex: 13    Spells: 6/6 levels left

rFire   . . .        a - +0 quarterstaff
rCold   . . .        c - +0 buckler
rNeg    . . .        d - melded +0 chain mail
rPois   +            (helmet unavailable)
rElec   .            (cloak currently unavailable)
rCorr   .            m - melded +0 pair of gloves
SInv    .            (boots currently unavailable)
Will    .....        (no amulet)
Stlth   +            (no ring)
HPRegen 0.33/turn    (no ring)
MPRegen 0.10/turn

%: no passive effects
@: brilliant, tree-form, attractive, drained
A: stationary, stasis, torment immunity, boosted hp, permanent stasis, dig
shafts and tunnels, (antennae 3), four strong arms, high MP 1, devolution 1
a: no special abilities


You were on level 5 of the Dungeon.
You were a tree.
You visited 1 branch of the dungeon, and saw 5 of its levels.

You collected 189 gold pieces.

Inventory:

Hand Weapons
 a - a +0 quarterstaff (weapon)
Armour
 c - a +0 buckler (worn)
 d - a +0 chain mail (melded)
 m - a +0 pair of gloves (melded)
Jewellery
 o - a ring of ice
 q - a ring of wizardry
Wands
 b - a wand of polymorph (4)
 v - a wand of acid (20)
Scrolls
 g - 2 scrolls of identify {unknown}
 i - a scroll of fear {unknown}
 j - 3 scrolls of enchant armour {unknown}
 k - a scroll of noise {unknown}
 n - 4 scrolls of teleportation {unknown}
 p - a scroll of poison {unknown}
 s - a scroll of amnesia {unknown}
 u - a scroll of butterflies {unknown}
Potions
 e - a potion of lignification
 f - 3 potions of attraction
 l - a potion of curing


   Skills:
 + Level 5.9 Fighting
 + Level 4.9 Staves
 + Level 5.9 Armour
 - Level 4.0 Shields


You had 6 spell levels left.
You didn't know any spells.
Your spell library contained the following spells:

 Spells                   Type           Power      Damage    Failure   Level
 Slow                     Hex            0%         N/A       50%         1
 Summon Small Mammal      Summ           0%         N/A       50%         1
 Ensorcelled Hibernation  Hex/Ice        0%         N/A       63%         2
 Lesser Beckoning         Tloc           0%         N/A       63%         2
 Call Canine Familiar     Summ           0%         N/A       86%         3
 Confusing Touch          Hex            0%         N/A       86%         3
 Gell's Gravitas          Tloc           0%         N/A       86%         3
 Spider Form              Tmut/Pois      0%         N/A       86%         3
 Summon Guardian Golem    Hex/Summ       0%         N/A       86%         3
 Teleport Other           Tloc           0%         N/A       86%         3
 Vampiric Draining        Necr           0%         2d6       86%         3
 Anguish                  Hex/Necr       0%         N/A       99%         4


Dungeon Overview and Level Annotations

Branches:
Dungeon (5/15)
 Temple: D:4-7

Altars:
Sif Muna
Trog

Shops:
D:1 *

Annotations:
D:3 2 transporters, 3 runed translucent doors, NimIero's ghost, novice OpEE
D:5 Prince Ribbit


Innate Abilities, Weirdness & Mutations

You are a tree.
Your roots penetrate the ground, keeping you stationary.
You cannot be teleported.
You are immune to unholy pain and torment.
Your maximum health is greatly increased.
Your equipment is partially melded.
You cannot be hasted, slowed, berserked, paralysed or teleported.
You can dig through walls and to a lower floor.
((You have a pair of large antennae on your head. (SInv)))
Your four strong arms can wield two-handed weapons with a shield.
You have an increased reservoir of magic. (+10% MP)
You have hidden genetic defects.


Message History

The ice beast is severely wounded.
Prince Ribbit blinks!
The orc hits you but does no damage. The ice beast completely misses you.
Something hits you but does no damage. Prince Ribbit is attracted toward you.
You barely miss Prince Ribbit.
Prince Ribbit is lightly wounded.
Prince Ribbit hits you. Something hits you but does no damage.
The orc hits you but does no damage.
The ice beast hits you but does no damage.
Prince Ribbit hits you.
You attack the rock wall.
Prince Ribbit hits you!
* * * LOW HITPOINT WARNING * * *
Something hits you but does no damage. The orc hits you but does no damage.
The ice beast hits you but does no damage.
You miss something. Prince Ribbit hits you.
* * * LOW HITPOINT WARNING * * *
The orc hits you but does no damage. Something hits you but does no damage.
The ice beast hits you but does no damage.
Prince Ribbit hits you!
* * * LOW HITPOINT WARNING * * *
You barely miss Prince Ribbit.
Prince Ribbit croaks regally.
Prince Ribbit hits you but does no damage.
Something hits you but does no damage.
The ice beast hits you but does no damage.
The orc hits you but does no damage.
It was a potion of brilliance.
You feel clever all of a sudden.
You feel less confused. Prince Ribbit hits you!
* * * LOW HITPOINT WARNING * * *
You block something's attack. The orc hits you but does no damage.
The ice beast hits you but does no damage.
Prince Ribbit hits you but does no damage.
You barely miss the ice beast.
The ice beast is severely wounded.
You block the orc's attack. Something hits you but does no damage.
The ice beast hits you.
* * * LOW HITPOINT WARNING * * *
The ice beast freezes you!
You die...

......(...
...............>
.......... ......
...##...## #....# ##+#
...##...####....###...##
.....[.................#
.......................#
...............{.......#
...........o♣F.....##
##)#####Y###...#
##....{{#{..##
#......#.....#
#....o.#.....#
#......#o....#
+......).....#
#########...## #####


You could see Prince Ribbit, an ice beast and an orc.

Vanquished Creatures
  Sigmund (D:2)
  An ogre (D:4)
  2 scorpions (D:3)
  Terence (D:2)
  An iguana (D:4)
  7 gnolls (D:4)
  5 adders
  2 worms
  2 dart slugs (D:1)
  6 orcs
  4 endoplasms
  4 giant cockroaches
  3 goblins
  7 hobgoblins
  9 jackals
  10 kobolds
  3 quokkas
  8 ball pythons
  7 bats
  2 frilled lizards
  5 rats
90 creatures vanquished.

Vanquished Creatures (others)
  An orc wizard (D:5)
1 creature vanquished.

Grand Total: 91 creatures vanquished

Notes
Turn   | Place    | Note
-------+----------+-------------------------------------------
     0 | D:1      | Arum the Formicid Fighter began the quest for the Orb.
     0 | D:1      | Reached XP level 1. HP: 18/18 MP: 1/1
   103 | D:1      | Reached XP level 2. HP: 17/24 MP: 2/2
   166 | D:1      | Found Qicumoxt's Assorted Antiques.
   639 | D:1      | Reached XP level 3. HP: 27/30 MP: 3/3
  1075 | D:2      | Reached XP level 4. HP: 31/37 MP: 4/4
  1116 | D:2      | Identified the +7 short sword "Kesh" {protect, rN+ Dex+4
                  | SInv}
  1155 | D:2      | Noticed Sigmund
  1175 | D:2      | Killed Sigmund
  1176 | D:2      | Reached XP level 5. HP: 24/43 MP: 5/5
  1176 | D:2      | Reached XP level 6. HP: 28/50 MP: 6/6
  1183 | D:2      | Found a faded altar of an unknown god.
  1283 | D:2      | Noticed Terence
  1298 | D:2      | Killed Terence
  1299 | D:2      | Reached skill level 5 in Fighting
  1299 | D:2      | Reached skill level 5 in Armour
  1537 | D:2      | Found a bloodstained altar of Trog.
  1576 | D:3      | Found a transporter.
  1753 | D:3      | Found a shimmering blue altar of Sif Muna.
  1890 | D:3      | Found a bloodstained altar of Trog.
  1892 | D:3      | Found a transporter.
  1991 | D:3      | Found a runed translucent gate.
  1992 | D:3      | Found a runed translucent gate.
  1992 | D:3      | Found a runed translucent gate.
  1993 | D:3      | Noticed NimIero's ghost (novice OpEE)
  2107 | D:3      | Reached XP level 7. HP: 46/56 MP: 7/7
  3227 | D:5      | Entered Level 5 of the Dungeon
  3231 | D:5      | Noticed Prince Ribbit
  3351 | D:5      | Gained mutation: You have hidden genetic defects. [potion
                  | of mutation]
  3351 | D:5      | Gained mutation: You have an increased reservoir of magic.
                  | (+10% MP) [potion of mutation]
  3364 | D:5      | HP: 3/79 [Prince Ribbit (9)]
  3365 | D:5      | Mangled by an ice beast

Illustrated notes

Levels and vault maps discovered:
D:1:      saegor_arrival_fortress, layout_basic, serial_shops,
          nicolae_shop_rolling_square, roderic_roman_lattice,
          minmay_split_cup_large
D:2:      minmay_skewed_foursquare, layout_rooms, basic_ecumenical_altar,
          basic_altar, uniq_sigmund, uniq_terence
D:3:      layout_loops_ring, mainiacjoe_overflow_tiny_flanked,
          gammafunk_temple_overflow_arena, ebering_ghost_rock_garden
D:4:      layout_cave_pools
D:5:      layout_gridville, uniq_prince_ribbit1, uniq_grinder

Skill      XL: |  1  2  3  4  5  6 |
---------------+-------------------+-----
Armour         | 4 5 |  5.9
Fighting       | 4 5 |  5.9
Staves         | 3 4 |  4.9
Shields        | |  4.0

Action                     |  1- 3 |  4- 6 |  7- 9 || total
---------------------------+-------+-------+-------++-------
  Melee: Quarterstaff      |    84 |   106 |    97 ||   287
Ability: Dig               |     1 |     1 |     2 ||     4
    Use: Potion            |       |     2 |     6 ||     8
 Armour: Scale mail        |    38 |     9 |       ||    47
         Chain mail        |       |    53 |    39 ||    92
         Skin              |       |       |    35 ||    35
  Dodge: Dodged            |    36 |    54 |    29 ||   119
  Block: Buckler           |    26 |    33 |    28 ||    87
